 Dungeon Crawl Stone Soup version 0.20.0-15-g7f486f2 (webtiles) character file.

2088 vatarom the Destroyer (level 9, -4/45 HPs)
             Began as a Tengu Air Elementalist on June 12, 2017.
             Was an Initiate of Sif Muna.
             Slain by an orc priest
             ... wielding a +0 flail
              (7 damage)
             ... on level 7 of the Dungeon.
             The game lasted 00:18:10 (6479 turns).

vatarom the Destroyer (Tengu Air Elementalist)      Turns: 6479, Time: 00:18:11

Health: -4/45      AC:  5    Str:  8    XL:     9   Next: 27%
Magic:  0/22       EV: 15    Int: 18    God:    Sif Muna [......]
Gold:   260        SH:  0    Dex: 16    Spells: 10/25 levels left

rFire    + . .     SeeInvis .   p - staff of air
rCold    . . .     Gourm    .   (no shield)
rNeg     . . .     Faith    .   d - +2 robe {rF+}
rPois    .         Spirit   .   (helmet restricted)
rElec    +         Reflect  .   (no cloak)
rCorr    .         Harm     .   g - +0 pair of gloves
MR       +....                  (boots unavailable)
Stlth    ++........             (no amulet)
Regen    0.2/turn               i - ring of protection from magic
MPRegen  0.2/turn               (no ring)

@: flying quickly and evasively, quick
A: beak, talons 3, able to fly 1
a: Renounce Religion


You were on level 7 of the Dungeon.
You worshipped Sif Muna.
Sif Muna was noncommittal.
You were not hungry.

You visited 2 branches of the dungeon, and saw 8 of its levels.

You collected 260 gold pieces.

Inventory:

Armour
 d - a +2 robe of fire resistance (worn)
 g - a +0 pair of gloves (worn)
Magical Staves
 p - an uncursed staff of air (weapon)
Jewellery
 i - a ring of protection from magic (left hand)
Scrolls
 b - a scroll of identify
 j - 3 scrolls of remove curse
 k - a scroll of fog
 l - a scroll of amnesia
 n - a scroll of magic mapping
Miscellaneous
 r - a lightning rod (inert)
Comestibles
 c - 2 bread rations
 f - 2 meat rations
 h - 5 royal jellies


   Skills:
 - Level 2.1 Dodging
 - Level 2.0 Stealth
 * Level 8.7 Spellcasting
 - Level 11.5 Conjurations
 + Level 10.5 Air Magic


You had 10 spell levels left.
You knew the following spells:

 Your Spells              Type           Power        Failure   Level  Hunger
a - Shock                 Conj/Air       ####         1%          1    None
b - Swiftness             Chrm/Air       #####...     1%          2    None
c - Static Discharge      Conj/Air       ######..     1%          3    None
d - Airstrike             Air            ######....   1%          4    ###....
e - Lightning Bolt        Conj/Air       ######....   2%          5    #####..


Dungeon Overview and Level Annotations

Branches:
Dungeon (7/15)             Temple (1/1) D:7

Altars:
Ashenzari
Elyvilon
Gozag
Hepliaklqana
Nemelex Xobeh
Okawaru
Qazlal
Sif Muna
Trog
Uskayaw
Xom
Yredelemnul
Zin
The Shining One

Shops:
D:5 *

Annotations:
D:6 Quirk's ghost, novice FoFi


Innate Abilities, Weirdness & Mutations

You have a beak for a mouth.
You have claws for feet.
You can fly.


Message History

The orc priest completely misses you. The orc barely misses you.
Unknown command.
Casting: Shock
Confirm with . or Enter, or press ? or * to list all spells.
You feel a surge of power!
The orc is struck by lightning.
You kill the orc!
Sif Muna accepts your kill.
The lightning arcs!
You are struck by lightning.
You resist.
The lightning arcs!
The orc priest is struck by lightning.
The orc priest is moderately wounded.
The lightning arcs!
The orc is struck by lightning.
The orc is almost dead.
The lightning grounds out.
The orc hits you with a club.
* * * LOW HITPOINT WARNING * * *
The orc priest closely misses you.
You hit the orc.
You kill the orc!
Sif Muna accepts your kill. The orc closely misses you.
The orc priest hits you with a flail!
You die...

##### #. #.#######...##
#.# .#............###
####.#
...............o###....#
#..........o...#@).[#..##
.............(###o..#...#
............)## ##......#
.......⌠.⌠..)# ##.....##
........_...## #......#
.......⌠.⌠..# ##.....#
###...##...)# #.....#
###..#####).## ##....†.>
..........)..# .......


You could see an orc priest and an orc.

Vanquished Creatures
  Sigmund (D:3)
  Edmund (D:5)
  An ice beast (D:5)
  2 phantoms
  An ogre (D:5)
  A centaur (D:5)
  2 bullfrogs
  3 scorpions
  5 killer bees (D:7)
  A howler monkey (D:7)
  A crimson imp (D:7)
  A centaur zombie (D:5)
  5 orc priests
  2 orc wizards (D:4)
  A worker ant (D:4)
  A hound skeleton (D:4)
  A howler monkey zombie (D:7)
  14 gnolls
  9 adders
  A shadow imp (D:5)
  2 adder skeletons
  A worm (D:2)
  4 dart slugs
  3 leopard geckos
  19 orcs
  2 ball pythons
  4 giant cockroaches
  8 hobgoblins
  3 jackals (D:2)
  7 kobolds
  3 quokkas
  6 bats
  7 frilled lizards
  6 goblins
  A jackal skeleton (D:5)
  5 rats
135 creatures vanquished.

Vanquished Creatures (others)
  A bat (D:6)
1 creature vanquished.

Grand Total: 136 creatures vanquished

Notes
Turn   | Place    | Note
-------+----------+-------------------------------------------
     0 | D:1      | vatarom the Tengu Air Elementalist began the quest for the Orb.
     0 | D:1      | Reached XP level 1. HP: 10/10 MP: 4/4
    73 | D:1      | Reached skill level 2 in Conjurations
   167 | D:1      | Reached XP level 2. HP: 13/15 MP: 0/6
   409 | D:1      | Reached skill level 3 in Conjurations
   447 | D:1      | Learned a level 2 spell: Swiftness
   541 | D:1      | Reached XP level 3. HP: 15/19 MP: 5/7
   548 | D:1      | Learned a level 3 spell: Static Discharge
   899 | D:2      | Reached skill level 5 in Air Magic
   928 | D:2      | Found a hide-covered altar of Uskayaw.
   991 | D:2      | Reached XP level 4. HP: 24/24 MP: 4/8
  1059 | D:2      | Reached skill level 4 in Conjurations
  1289 | D:2      | Found a hazy altar of Hepliaklqana.
  1784 | D:2      | You fall through a shaft!
  2124 | D:3      | Gained mutation: You can fly. [Tengu growth]
  2124 | D:3      | Reached XP level 5. HP: 28/28 MP: 6/9
  2186 | D:3      | Found a faded altar of an unknown god.
  2305 | D:3      | Reached skill level 5 in Conjurations
  2540 | D:3      | Reached skill level 11 in Conjurations
  2540 | D:3      | Reached XP level 6. HP: 32/32 MP: 10/17
  2546 | D:3      | Learned a level 4 spell: Airstrike
  2552 | D:3      | Learned a level 5 spell: Lightning Bolt
  2630 | D:3      | Noticed Sigmund
  2630 | D:3      | Killed Sigmund
  2630 | D:3      | Reached XP level 7. HP: 36/36 MP: 9/18
  3347 | D:4      | Found a shimmering altar of Xom.
  3479 | D:4      | Found a glowing golden altar of the Shining One.
  4109 | D:4      | Reached XP level 8. HP: 41/41 MP: 6/20
  4244 | D:5      | Entered Level 5 of the Dungeon
  4507 | D:5      | Found a stormy altar of Qazlal.
  4561 | D:5      | Reached skill level 10 in Air Magic
  4660 | D:5      | Found Haoh's General Store.
  4667 | D:5      | Identified a scroll of acquirement
  4667 | D:5      | Identified the Disquisition on Moulding (You acquired it on level 5 of the Dungeon)
  4980 | D:5      | Noticed Edmund
  4985 | D:5      | Killed Edmund
  5693 | D:6      | Noticed Quirk's ghost (novice FoFi)
  5853 | D:7      | Found a staircase to the Ecumenical Temple.
  5862 | Temple   | Entered the Ecumenical Temple
  5863 | Temple   | Reached XP level 9. HP: 21/45 MP: 4/22
  6130 | Temple   | Became a worshipper of Sif Muna the Loreminder
  6279 | D:7      | Found a sparkling altar of Nemelex Xobeh.
  6479 | D:7      | Slain by an orc priest

Skill      XL: |  1  2  3  4  5  6  7  8 |
---------------+-------------------------+-----
Conjurations   | 2 3 4 11 | 11.5
Air Magic      | 5 9 10 | 10.5
Spellcasting   | 7 8 |  8.7
Dodging        | |  2.1
Stealth        | |  2.0

Action                   |  1- 3 |  4- 6 |  7- 9 || total
-------------------------+-------+-------+-------++-------
Melee: Unarmed           |    17 |    24 |     4 ||    45
       Peck              |     4 |     4 |     3 ||    11
       Kick              |     3 |     5 |     6 ||    14
       Staff             |       |       |    15 ||    15
 Cast: Shock             |    53 |    63 |    60 ||   176
       Static Discharge  |     1 |     3 |     3 ||     7
       Airstrike         |       |     1 |    61 ||    62
       Lightning Bolt    |       |     1 |     9 ||    10
Evoke: Lightning rod     |       |       |     4 ||     4
  Use: Scroll            |     3 |     4 |     6 ||    13
       Potion            |       |     3 |     3 ||     6
 Stab: Sleeping          |       |       |     1 ||     1
       Distracted        |       |       |     1 ||     1
  Eat: Chunk             |     1 |     7 |     4 ||    12
       Fruit             |       |       |     3 ||     3
       Bread ration      |       |       |     4 ||     4
Armor: Robe              |     8 |     6 |    12 ||    26
Dodge: Dodged            |    30 |    29 |    54 ||   113
